 Dungeon Crawl Stone Soup version 0.24.0-13-gcf9b319 (webtiles) character file.

Game seed: 12546100369861141430, levelgen mode: deterministic

2786 Fortress the Destroyer (level 9, -5/72 HPs)
             Began as a Purple Draconian Conjurer on Jan 22, 2020.
             Was a Follower of Sif Muna.
             Slain by a five-headed hydra (7 damage)
             ... on level 7 of the Dungeon on Jan 23, 2020.
             The game lasted 00:34:26 (8414 turns).

Fortress the Destroyer (Purple Draconian Conjurer)  Turns: 8414, Time: 00:34:27

Health: -5/72      AC: 10    Str: 11    XL:     9   Next: 43%
Magic:  3/21       EV: 12    Int: 18    God:    Sif Muna [*.....]
Gold:   392        SH:  0    Dex: 12    Spells: 21/24 levels left

rFire    . . .     SeeInvis .   w - +1 dagger (protect)
rCold    . . .     Gourm    .   (no shield)
rNeg     . . .     Faith    .   (armour unavailable)
rPois    .         Spirit   .   (helmet restricted)
rElec    .         Reflect  .   A - +0 cloak
rCorr    .         Harm     .   (no gloves)
MR       +....                  a - +0 pair of boots
Stlth    ++........             (no amulet)
HPRegen  0.22/turn              H - +1 ring of protection
MPRegen  0.17/turn              (no ring)

@: about to teleport
A: breathe power, unfitting armour, cold-blooded, AC +7
a: Breathe Dispelling Energy, Channel Magic, Renounce Religion


You were on level 7 of the Dungeon.
You worshipped Sif Muna.
Sif Muna was aware of your devotion.
You were not hungry.

You visited 2 branches of the dungeon, and saw 9 of its levels.

You collected 452 gold pieces.
You spent 60 gold pieces at shops.

Inventory:

Hand Weapons
 f - a +1 short sword of electrocution
 w - a +1 dagger of protection (weapon)
Missiles
 v - 22 poisoned darts (quivered)
Armour
 a - a +0 pair of boots (worn)
 A - a +0 cloak (worn)
Magical Staves
 B - an uncursed staff of summoning
Jewellery
 D - an uncursed ring of ice
 H - a +1 ring of protection (left hand)
Wands
 m - a wand of enslavement (6)
 q - a wand of flame (9)
 t - a wand of digging (6)
Scrolls
 d - 5 scrolls of teleportation
 e - 2 scrolls of identify
 h - 2 scrolls of amnesia
 i - a scroll of enchant armour {unknown}
 r - a scroll of enchant weapon
 s - 4 scrolls of remove curse
 x - a scroll of fog {unknown}
 y - a scroll of blinking {unknown}
 E - a scroll of magic mapping
Potions
 c - a potion of berserk rage
 g - a potion of brilliance
 j - 2 potions of haste
 k - 3 potions of ambrosia
 l - a potion of resistance
 n - a potion of mutation
 p - a potion of curing
 u - 2 potions of agility
 z - a potion of flight {unknown}
 C - a potion of lignification {unknown}
 F - a potion of might {unknown}
Comestibles
 b - 12 rations
 G - a chunk of flesh


   Skills:
 * Level 4.7 Fighting
 - Level 2.0 Dodging
 - Level 2.0 Stealth
 - Level 0.2 Unarmed Combat
 - Level 8.1 Spellcasting
 + Level 10.5 Conjurations


You had 21 spell levels left.
You knew the following spells:

 Your Spells              Type           Power        Failure   Level  Hunger
a - Magic Dart            Conj           ####         1%          1    None
b - Searing Ray           Conj           #####.       1%          2    None

Your spell library contained the following spells:

 Spells                   Type           Power        Failure   Level  Hunger
 Iskenderun's Mystic Bla  Conj           #####...     1%          4    ###....
 Dazzling Spray           Conj/Hex       ####..       3%          3    #......
 Force Lance              Conj/Tloc      ####....     11%         4    ###....
 Fulminant Prism          Conj/Hex       ####......   11%         4    ###....


Dungeon Overview and Level Annotations

Branches:
Dungeon (8/15)             Temple (1/1) D:6
   Lair: D:8-11

Altars:
Dithmenos
Elyvilon
Fedhas
Gozag
Hepliaklqana
Kikubaaqudgha
Makhleb
Nemelex Xobeh
Okawaru
Qazlal
Ru
Sif Muna
Trog
Uskayaw
Vehumet
Wu Jian
Xom
Yredelemnul
Zin
The Shining One

Shops:
D:4 }   D:6 *

Annotations:
D:5 Sigmund


Innate Abilities, Weirdness & Mutations

You can breathe bolts of dispelling energy.
Your rich purple scales are hard. (AC +7)
You cannot fit into any form of body armour.
You are cold-blooded and may be slowed by cold attacks.


Message History

The five-headed hydra bites you!
* * * LOW HITPOINT WARNING * * *
There is a stone staircase leading down, spattered with blood here.
You feel much better. The five-headed hydra bites you.
* * * LOW HITPOINT WARNING * * *
The five-headed hydra bites you.
* * * LOW HITPOINT WARNING * * *
The five-headed hydra bites you.
* * * LOW HITPOINT WARNING * * *
The five-headed hydra bites you!
* * * LOW HITPOINT WARNING * * *
The five-headed hydra bites you.
* * * LOW HITPOINT WARNING * * *
Okay, then.
As you read the scroll of teleportation, it crumbles to dust.
You feel strangely unstable.
The five-headed hydra bites you but does no damage.
The five-headed hydra barely misses you.
The five-headed hydra bites you!
You die...

# #.....)# # #......######
######.. ## #.###.......#
......(. .# #.# #.......#
........ #. #.###.......#
........ .. #...[.......#
######.. #.# #<..........#
#...# #.####.##.#..#####
#...#####..@D.....#..#
#..†...."####.....#..# ##
#...####)###...####..#######
.#
#...####[##.................
.###
#.....##.#............######
...####.##.##).............#
......................##...#
...#######.###.#......####.#
.###.......# #.##...#.####.#


You could see a five-headed hydra.

Vanquished Creatures
  Prince Ribbit (D:7)
  Menkaure (D:7)
  Duvessa (D:7)
  An orc warrior (D:7)
  2 sky beasts
  A black bear (D:6)
  7 ogres
  A centaur (D:5)
  2 bullfrogs (D:6)
  Dowan (D:7)
  A wyvern skeleton (D:5)
  2 scorpions
  A crimson imp (D:6)
  3 hounds
  A jelly (D:8)
  3 orc priests
  5 orc wizards
  2 iguanas
  A killer bee zombie (D:5)
  8 worker ants
  A hound skeleton (D:7)
  A mummy (D:6)
  Robin (D:3)
  4 gnolls
  9 adders
  3 worms
  3 dart slugs
  6 leopard geckos
  26 orcs
  7 bats
  8 giant cockroaches
  12 hobgoblins
  4 jackals (D:7)
  4 quokkas
  3 ball pythons
  4 frilled lizards
  12 goblins
  A jackal skeleton (D:3)
  11 kobolds
  2 kobold zombies (D:6)
  A leopard gecko skeleton (D:4)
  A leopard gecko zombie (D:4)
  2 orc zombies (D:6)
  9 rats
180 creatures vanquished.

Vanquished Creatures (others)
  An orc wizard (D:4)
1 creature vanquished.

Grand Total: 181 creatures vanquished

Notes
Turn   | Place    | Note
-------+----------+-------------------------------------------
     0 | D:1      | Fortress the Draconian Conjurer began the quest for the
                  | Orb.
     0 | D:1      | Reached XP level 1. HP: 14/14 MP: 3/3
   369 | D:1      | Reached XP level 2. HP: 20/20 MP: 0/5
   926 | D:1      | Reached XP level 3. HP: 26/26 MP: 0/6
  1318 | D:2      | Noticed a +0 dagger
  1319 | D:2      | Noticed a +0 hand axe
  1330 | D:2      | Found a hide-covered altar of Uskayaw.
  1352 | D:2      | Reached skill level 5 in Conjurations
  1430 | D:2      | Reached XP level 4. HP: 33/33 MP: 0/7
  1767 | D:2      | You fall into a shaft and drop 1 floor!
  1785 | D:3      | Noticed an ogre
  2155 | D:3      | Learned a level 2 spell: Searing Ray
  2457 | D:3      | Killed an ogre
  2457 | D:3      | Reached XP level 5. HP: 38/38 MP: 0/10
  2696 | D:3      | Noticed Robin
  2750 | D:3      | Killed Robin
  2810 | D:3      | HP: 1/38 [worker ant (3)]
  3140 | D:3      | Reached XP level 6. HP: 43/45 MP: 4/12
  3531 | D:4      | Reached skill level 6 in Conjurations
  3646 | D:4      | Found a basalt altar of Yredelemnul.
  4157 | D:4      | Found Uthrinufi's Gadget Boutique.
  4163 | D:4      | Bought a wand of flame (9) for 60 gold pieces
  4597 | D:5      | Entered Level 5 of the Dungeon
  4672 | D:5      | Noticed Sigmund
  4685 | D:5      | Found a burning altar of Makhleb.
  4738 | D:5      | Your scales start taking on a rich purple colour.
  4738 | D:5      | Reached skill level 5 in Spellcasting
  4738 | D:5      | Reached XP level 7. HP: 50/50 MP: 10/15
  4890 | D:5      | Found a white marble altar of Elyvilon.
  4899 | D:5      | Reached skill level 7 in Conjurations
  5049 | D:5      | Found a burning altar of Makhleb.
  5322 | D:5      | Found a glowing golden altar of the Shining One.
  5551 | D:6      | Found a staircase to the Ecumenical Temple.
  5776 | Temple   | Entered the Ecumenical Temple
  6021 | D:6      | Reached XP level 8. HP: 47/57 MP: 6/19
  6142 | D:6      | Found a hazy altar of Hepliaklqana.
  6207 | D:6      | Reached skill level 8 in Conjurations
  6531 | D:6      | Reached skill level 1 in Fighting
  6625 | D:6      | Found a shimmering blue altar of Sif Muna.
  6633 | D:6      | Became a worshipper of Sif Muna the Loreminder
  6857 | D:6      | Found Gilikkie's General Store.
  7213 | D:7      | Noticed Menkaure
  7219 | D:7      | Killed Menkaure
  7219 | D:7      | Reached skill level 9 in Conjurations
  7289 | D:7      | Found a sparkling altar of Nemelex Xobeh.
  7391 | D:7      | Reached XP level 9. HP: 50/70 MP: 1/21
  7537 | D:7      | Noticed a five-headed hydra
  7906 | D:7      | Noticed Prince Ribbit
  7926 | D:7      | Killed Prince Ribbit
  8070 | D:7      | Reached skill level 10 in Conjurations
  8154 | D:7      | Found a radiant altar of Vehumet.
  8154 | D:7      | Noticed Duvessa
  8154 | D:7      | Noticed Dowan
  8160 | D:7      | Killed Duvessa
  8167 | D:7      | Killed Dowan
  8255 | D:7      | Found a blossoming altar of Fedhas.
  8330 | D:8      | Reached * piety under Sif Muna
  8332 | D:8      | Found an iron altar of Okawaru.
  8413 | D:7      | HP: 3/72 [five-headed hydra (7)]
  8414 | D:7      | Slain by a five-headed hydra

Levels and vault maps discovered:
D:1:      dpeg_arrival_prison, layout_loops_corners, serial_glass,
          glass_columns_b, glass_columns_a, glass_columns_b, glass_columns_a,
          glass_columns_a
D:2:      minmay_kobold_bridge, layout_rooms, dancing_weapons_uskayaw
D:3:      layout_basic, first_ration, uniq_robin
D:4:      cheibrodos_quashed, layout_gridville, yredelemnul_altar_generic,
          serial_shops, nicolae_shop_stone, nrook_uturn, minmay_between
D:5:      layout_gridville, tso_metal_star, old_standard_altar,
          nicolae_overflow_crystal_walls, bloody_makhleb, uniq_sigmund
D:6:      layout_basic, lemuel_crystal_altar, lemuel_crystal_altar,
          minmay_temple_entry_proselytizer, serial_shops, nicolae_shop_trees,
          minmay_mini_ossuary
D:7:      layout_loops_cross, overflow_temple_1_default,
          gammafunk_temple_overflow_pools, uniq_prince_ribbit1, uniq_duvessa,
          uniq_menkaure
D:8:      layout_cave_pools, okawaru_ov_weapons_minmay, slow_altar_1
Temple:   nicolae_temple_figure_zero

Skill      XL: |  1  2  3  4  5  6  7  8  9 |
---------------+----------------------------+-----
Dodging        | 2 |  2.0
Stealth        | 2 |  2.0
Conjurations   | 5 6 7 9 10 | 10.5
Spellcasting   | 3 4 5 7 8 |  8.1
Fighting       | 3 4 |  4.7
Unarmed Combat | |  0.2

Action                   |  1- 3 |  4- 6 |  7- 9 || total
-------------------------+-------+-------+-------++-------
Melee: Unarmed           |    24 |       |       ||    24
       Tailslap          |     5 |     7 |     7 ||    19
       Dagger            |    13 |    83 |    43 ||   139
 Cast: Magic Dart        |    72 |   165 |   160 ||   397
       Searing Ray       |       |     8 |    42 ||    50
  Use: Scroll            |       |    11 |     6 ||    17
       Potion            |       |       |     1 ||     1
  Eat: Chunk             |     2 |    11 |     8 ||    21
       Ration            |       |       |     1 ||     1
Armor: Skin              |    11 |    50 |    59 ||   120
Dodge: Dodged            |    26 |    58 |    65 ||   149
